 Dungeon Crawl Stone Soup version 0.27-a0-1525-g1038ab4fd7 (webtiles) character file.

Game seed: 9361397970698146674

10691 avis the Grappler (level 11, -1/74 HPs)
             Began as an Octopode Transmuter on July 10, 2021.
             Was an Initiate of Gozag.
             Slain by Urug (23 damage)
             ... on level 1 of the Lair of Beasts on July 11, 2021.
             The game lasted 01:33:42 (14481 turns).

avis the Grappler (Octopode Transmuter)            Turns: 14481, Time: 01:33:43

Health: -1/74      AC:  2    Str: 19    XL:     11   Next: 66%
Magic:  22/24      EV: 28    Int: 22    God:    Gozag
Gold:   423        SH:  0    Dex: 17    Spells: 8/16 levels left

rFire    + . .     SeeInvis .     - Unarmed
rCold    . . .     Faith    .   (shield currently unavailable)
rNeg     . . .     Spirit   .   (helmet currently unavailable)
rPois    x         Reflect  .   G - amulet "Hiso Xing" {RegenMP Str+6}
rElec    .         Harm     .   a - ring of resist corrosion
rCorr    +         Rampage  .   o - +4 ring of evasion
Will     .....                  y - ring of flight
Stlth    +++.......             H - +6 ring of intelligence
HPRegen  0.22/turn              P - ring of magical power
MPRegen  0.44/turn              N - ring of resist corrosion
                                E - ring of protection from fire
                                (no ring)

@: spider-form, flying
A: venomous fangs, almost no armour, (amphibious), 8 rings, tiny, (camouflage
1), (gelatinous body 1), (nimble swimmer 1), (tentacles)
a: End Transformation, Renounce Religion, Potion Petition, Call Merchant, Bribe
Branch


You were on level 1 of the Lair of Beasts.
You worshipped Gozag.
Gozag was aware of your devotion.
You were a venomous arachnid creature.
You visited 3 branches of the dungeon, and saw 11 of its levels.
You also visited: Ossuary.

You collected 1790 gold pieces.
You spent 1181 gold pieces at shops.
You paid 186 gold pieces to Gozag.

Inventory:

Hand Weapons
 b - a +0 hunting sling (melded)
 w - a +4 flail of freezing
Missiles
 d - 296 stones
 s - 44 sling bullets
 v - 3 silver boomerangs
 x - 7 javelins
 J - 7 curare-tipped darts
 L - 45 poisoned darts (quivered)
Armour
 u - a +2 buckler of poison resistance (melded)
Jewellery
 a - a ring of resist corrosion (left front leg)
 o - a +4 ring of evasion (right front leg)
 y - a ring of flight (on tentacle)
 E - a ring of protection from fire (on tentacle)
 G - the amulet "Hiso Xing" (around neck) {RegenMP Str+6}
   (You found it on level 9 of the Dungeon)

   [amulet of magic regeneration]

   It increases your rate of magic regeneration.
   Str:       It affects your strength (+6).
 H - a +6 ring of intelligence (on tentacle)
 N - a ring of resist corrosion (on tentacle)
 P - a ring of magical power (on tentacle)
Wands
 l - a wand of polymorph (8)
 m - a wand of acid (11)
 D - a wand of flame (17)
 M - a wand of digging (7)
Scrolls
 e - 2 scrolls of magic mapping
 g - 2 scrolls of amnesia {unknown}
 i - 4 scrolls of teleportation
 r - 2 scrolls of silence {unknown}
 z - a scroll of enchant weapon {unknown}
 B - 2 scrolls of acquirement {unknown}
 K - 2 scrolls of blinking
 Q - 2 scrolls of noise {unknown}
Potions
 c - 3 potions of resistance
 f - 5 potions of curing
 h - 3 potions of might
 j - 3 potions of heal wounds
 n - a potion of mutation {unknown}
 t - 3 potions of brilliance
 C - 3 potions of magic
 F - 2 potions of haste
 I - a potion of cancellation
 R - 2 potions of berserk rage


   Skills:
 * Level 6.7 Fighting
 * Level 6.7 Dodging
 - Level 5.0 Stealth
 - Level 4.0 Shields
 - Level 12.0 Unarmed Combat
 - Level 3.0 Spellcasting
 - Level 7.0 Transmutations
 - Level 4.0 Ice Magic
 - Level 2.0 Poison Magic


You had 8 spell levels left.
You knew the following spells:

 Your Spells              Type           Power      Damage    Failure   Level
a - Beastly Appendage     Tmut           68%        N/A       4%          1
p - Spider Form           Tmut/Pois      11%        N/A       17%         3
q - Ice Form              Ice/Tmut       27%        N/A       30%         4

Your spell library contained the following spells:

 Spells                   Type           Power      Damage    Failure   Level
 Wereblood                Tmut           34%        N/A       5%          2
 Frozen Ramparts          Ice            40%        1d6       19%         3
 Ignite Poison            Fire/Tmut/Pois 16%        N/A       26%         3
 Mephitic Cloud           Conj/Pois/Air  6%         N/A       50%         3
 Gell's Gravitas          Tloc           1%         N/A       58%         3
 Lesser Beckoning         Tloc           1%         N/A       58%         3
 Teleport Other           Tloc           3%         N/A       58%         3
 Tukima's Dance           Hex            3%         N/A       58%         3
 Summon Ice Beast         Ice/Summ       12%        N/A       69%         4
 Yara's Violent Unravell  Hex/Tmut       9%         3d6       82%         5
 Passage of Golubria      Tloc           N/A        N/A       90%         4
 Bolt of Magma            Conj/Fire/Erth 1%         4d4       99%         5


Dungeon Overview and Level Annotations

Branches:
Dungeon (9/15)             Temple (1/1) D:7            Lair (1/6) D:9
    Orc (0/2) D:9         Ossuary (visited)

Altars:
Ashenzari
Cheibriados
Dithmenos
Elyvilon
Fedhas
Gozag
Hepliaklqana
Kikubaaqudgha
Makhleb
Nemelex Xobeh
Okawaru
Qazlal
Ru
Sif Muna
Trog
Uskayaw
Vehumet
Wu Jian
Xom
Yredelemnul
Zin
The Shining One

Shops:
D:7 !   D:8 *   D:9 ?

Annotations:
D:5 1 runed translucent door, garrulousMonolith's ghost, novice HOFi
Lair:1 Urug


Innate Abilities, Weirdness & Mutations

You are a venomous arachnid creature.
You have poisonous fangs.
You are tiny and dextrous.
Your spellcasting is less reliable in this form.
Your armour is entirely melded.
You are incapable of wielding weapons or throwing items.
You cannot wear most types of armour.
((You are amphibious.))
You can wear up to eight rings at the same time.
((Your skin changes colour to match your surroundings (Stealth+).))
((Your rubbery body absorbs attacks. (AC +1, EV +1)))
((You are camouflaged near water. (Stealth+)))
((You have tentacles for arms and can constrict up to eight enemies at once.))


Message History

Urug is heavily wounded.
Urug hits you with a +1 double sword!
* * * LOW HITPOINT WARNING * * *
You closely miss Urug.
Urug is heavily wounded.
You barely miss Urug.
Urug is heavily wounded.
Urug closely misses you.
You feel much better. Urug hits you with a +1 double sword.
You barely miss Urug.
Urug is heavily wounded.
Urug hits you with a +1 double sword!!
* * * LOW HITPOINT WARNING * * *
You feel much better. Urug hits you with a +1 double sword!!
* * * LOW HITPOINT WARNING * * *
You feel much better. Urug hits you with a +1 double sword.
Casting: Ice Form (dangerous; 13% risk of failure)
Confirm with . or Enter, or press ? or * to list all spells.
You warm up again.
Your +0 hunting sling unmelds from your body.
Your +2 buckler of poison resistance unmelds from your body.
You feel resistant to poison.
You turn into a venomous arachnid creature.
Your +0 hunting sling melds into your body.
Your +2 buckler of poison resistance melds into your body.
You no longer feel resistant to poison.
Urug closely misses you.
You bite Urug!
Urug is severely wounded.
Urug completely misses you.
You bite Urug!
Urug is poisoned.
Urug is severely wounded.
Urug hits you with a +1 double sword!
* * * LOW HITPOINT WARNING * * *
You hit Urug.
Urug is almost dead.
You barely miss Urug.
Urug is almost dead.
Urug hits you with a +1 double sword!!
You die...
Your body crumbles into a pile of gold.

.............####.#
#.........
.............# #.##
##.........
.......#######
##.####...#......
##...###
#..##P....#......
#####
##..#....#.#..##.
###.......###.## .
#######P.#......#
### .
......P........##
......os.......#
......##.......###
.....# ##.#......#
....#
###..>.......# ...#
#...#.......# ..
#..#.####.#.# .
#P..### ## .# #..#
. ...


You could see Urug (very poisoned).

Vanquished Creatures
  A two-headed ogre (D:9)
  An ugly thing (D:9)
  Maurice (D:8)
  Maggie (D:7)
  2 cane toads (Lair:1)
  2 komodo dragons
  Grinder (D:3)
  A polar bear (Lair:1)
  4 yaks (D:9)
  2 wyverns (D:9)
  2 basilisks (D:9)
  Menkaure (D:7)
  8 water moccasins
  2 hornet zombies
  2 ice beasts
  3 orc warriors
  2 sky beasts
  4 ogres
  4 black bears
  A necrophage (D:6)
  6 wolves (Lair:1)
  8 centaurs
  A phantom (D:6)
  2 kobold brigands
  4 bullfrogs
  A water moccasin zombie (D:6)
  3 scorpions
  A wyvern skeleton (D:7)
  A water moccasin skeleton (D:6)
  5 wights (D:9)
  A howler monkey (D:9)
  3 centaur zombies
  6 orc priests
  A bullfrog zombie (D:7)
  4 jellies
  2 centaur skeletons
  2 hounds
  2 gnoll shamans
  3 iron imps (D:3)
  Terence (D:3)
  2 iguanas
  8 orc wizards
  2 hound skeletons (D:4)
  8 mummies (Ossuary)
  A howler monkey zombie (D:6)
  9 gnolls
  A howler monkey skeleton (D:7)
  6 adders
  A white imp (D:7)
  2 ufetubi
  An adder skeleton (D:4)
  A worm (D:4)
  3 dart slugs
  39 orcs
  5 endoplasms
  A giant cockroach (D:1)
  2 goblins (D:4)
  7 hobgoblins
  3 jackals (D:4)
  14 kobolds
  3 quokkas
  7 ball pythons
  7 frilled lizards
  4 hobgoblin zombies (Ossuary)
  A kobold zombie (Ossuary)
  3 orc zombies (Ossuary)
  10 rats
253 creatures vanquished.

Vanquished Creatures (others)
  An orc wizard (D:8)
  4 fungi
  22 plants
27 creatures vanquished.

Grand Total: 280 creatures vanquished

Notes
Turn   | Place    | Note
-------+----------+-------------------------------------------
     0 | D:1      | avis the Octopode Transmuter began the quest for the Orb.
     0 | D:1      | Reached XP level 1. HP: 13/13 MP: 3/3
   214 | D:1      | Reached XP level 2. HP: 18/18 MP: 1/5
   845 | D:1      | Found a faded altar of an unknown god.
  1247 | D:2      | Reached skill level 4 in Unarmed Combat
  1263 | D:2      | Reached XP level 3. HP: 22/23 MP: 3/6
  1293 | D:2      | Learned a level 3 spell: Spider Form
  1324 | D:2      | Reached skill level 1 in Poison Magic
  2375 | D:3      | Reached XP level 4. HP: 22/28 MP: 4/7
  2386 | D:3      | Noticed Terence
  2442 | D:3      | Killed Terence
  2827 | D:3      | Reached skill level 5 in Unarmed Combat
  3090 | D:3      | Noticed a scorpion
  3206 | D:3      | Reached XP level 5. HP: 34/34 MP: 3/8
  3490 | D:3      | Noticed Grinder
  3558 | D:3      | Paralysed by Grinder for 2 turns
  3593 | D:3      | Paralysed by Grinder for 3 turns
  3596 | D:3      | Killed Grinder
  3597 | D:3      | Reached skill level 6 in Unarmed Combat
  3597 | D:3      | Reached XP level 6. HP: 22/42 MP: 6/9
  3783 | D:3      | Found a burning altar of Makhleb.
  3801 | D:3      | Reached XP level 7. HP: 46/46 MP: 6/10
  4303 | D:3      | Reached skill level 7 in Unarmed Combat
  5009 | D:4      | Reached XP level 8. HP: 50/54 MP: 7/11
  5079 | D:4      | Reached skill level 5 in Fighting
  5451 | D:4      | Learned a level 4 spell: Ice Form
  5479 | D:4      | Reached skill level 5 in Dodging
  5906 | D:5      | Entered Level 5 of the Dungeon
  6179 | D:5      | Found a runed translucent door.
  6180 | D:5      | Noticed garrulousMonolith's ghost (novice HOFi)
  6790 | D:5      | Reached skill level 8 in Unarmed Combat
  6790 | D:5      | Reached skill level 1 in Ice Magic
  7349 | D:6      | Reached XP level 9. HP: 61/61 MP: 6/12
  7982 | D:6      | Reached skill level 9 in Unarmed Combat
  8159 | D:6      | Reached skill level 5 in Transmutations
  8493 | D:7      | Noticed Menkaure
  8497 | D:7      | Killed Menkaure
  8551 | D:7      | Noticed Maggie
  8574 | D:7      | Killed Maggie
  8604 | D:7      | Reached XP level 10. HP: 62/66 MP: 10/14
  8615 | D:7      | Reached skill level 10 in Unarmed Combat
  8641 | D:7      | Found a staircase to the Ecumenical Temple.
  8652 | Temple   | Entered the Ecumenical Temple
  8713 | Temple   | Became a worshipper of Gozag Ym Sagoz the Greedy
  9175 | D:6      | You are sucked into a shaft and drop 2 floors!
  9175 | D:8      | Found a sand-covered staircase.
  9180 | Ossuary  | Entered an ossuary
  9948 | D:8      | Noticed Maurice
  9966 | D:8      | Killed Maurice
 10228 | D:7      | Found Qanatan's Distillery.
 10238 | D:7      | Bought a potion of heal wounds for 75 gold pieces
 10238 | D:7      | Bought a potion of degeneration for 15 gold pieces
 10238 | D:7      | Bought 2 potions of lignification for 90 gold pieces
 10238 | D:7      | Bought a potion of flight for 45 gold pieces
 10238 | D:7      | Bought a potion of cancellation for 120 gold pieces
 10977 | D:7      | Reached skill level 11 in Unarmed Combat
 11512 | D:8      | Found Hiqabody's General Store.
 11537 | D:8      | Bought a potion of magic for 104 gold pieces
 11537 | D:8      | Bought a scroll of vulnerability for 97 gold pieces
 11537 | D:8      | Bought a ring of magical power for 260 gold pieces
 11588 | D:8      | Found a stormy altar of Qazlal.
 11848 | D:8      | Identified the +1 flail "Mait" {freeze, Will+}
 12546 | D:9      | Found Xyolib's Magic Scroll Shop.
 12557 | D:9      | Bought a scroll of immolation for 45 gold pieces
 12557 | D:9      | Bought a scroll of torment for 97 gold pieces
 12557 | D:9      | Bought a scroll of teleportation for 39 gold pieces
 12557 | D:9      | Bought a scroll of magic mapping for 45 gold pieces
 12557 | D:9      | Bought a scroll of blinking for 97 gold pieces
 12557 | D:9      | Bought a scroll of identify for 26 gold pieces
 12557 | D:9      | Bought a scroll of identify for 26 gold pieces
 12756 | D:9      | Found a staircase to the Lair.
 12902 | D:9      | Reached skill level 1 in Shields
 12922 | D:9      | Reached XP level 11. HP: 72/72 MP: 15/15
 13137 | D:9      | Identified the amulet "Hiso Xing" {RegenMP Str+6}
 13284 | D:9      | Noticed a red ugly thing
 13293 | D:9      | Killed a red ugly thing
 13701 | D:9      | Noticed a two-headed ogre
 13711 | D:9      | Killed a two-headed ogre
 13712 | D:9      | Reached skill level 12 in Unarmed Combat
 13831 | D:9      | Found a staircase to the Orcish Mines.
 13973 | D:9      | Found a sparkling altar of Nemelex Xobeh.
 14028 | Lair:1   | Entered Level 1 of the Lair of Beasts
 14098 | Lair:1   | Reached skill level 5 in Stealth
 14465 | Lair:1   | Noticed Urug
 14481 | Lair:1   | Slain by Urug

Illustrated notes

Levels and vault maps discovered:
D:1:      minmay_arrival_cross, layout_loops_ring,
          shapermc_ecumenical_altar_mp_urbaneastern, minmay_bisected
D:2:      layout_loops_ring, minmay_lizard_pond
D:3:      layout_rooms, demons_altar, uniq_terence, uniq_grinder
D:4:      minmay_polygon_palace, layout_basic
D:5:      layout_basic, ebering_ghost_reflecting_pool
D:6:      minmay_inner_zag, layout_loops_cross, minivault_19,
          grunt_ministairs_15, serial_park_tiny_pond
D:7:      layout_layer_cave, minmay_temple_entry_statues, serial_shops,
          nicolae_shop_waterfront, hangedman_abyss_or_decor_slice,
          dk_rats_in_the_wall, uniq_maggie, uniq_menkaure
D:8:      layout_basic, grunt_qazlal_clouds, serial_shops, shop,
          enter_ossuary_1, uniq_maurice
D:9:      layout_stronghold, minmay_lair_entry_grove, orc_0_dummy,
          roderic_lattice_a, kennysheep_diamond, nicolae_stop_n_shop_2,
          kennysheep_flooded_box, minivault_14
Temple:   regret_index_temple_chain_breaker
Lair:1:   layout_cave_pods, lemuel_fruit_tree, uniq_gastronok, uniq_urug

Skill      XL: |  1  2  3  4  5  6  7  8  9 10 11 |
---------------+----------------------------------+-----
Unarmed Combat | 4 5 6 7 8 9 11 12 | 12.0
Poison Magic   | 2 |  2.0
Fighting       | 2 3 4 5 6 |  6.7
Stealth        | 2 5 |  5.0
Dodging        | 3 5 6 |  6.7
Transmutations | 3 4 5 7 |  7.0
Ice Magic      | 2 4 |  4.0
Spellcasting   | 3 |  3.0
Shields        | 3 4 |  4.0

Action                   |  1- 3 |  4- 6 |  7- 9 | 10-12 || total
-------------------------+-------+-------+-------+-------++-------
Melee: Unarmed           |    47 |    74 |   258 |   328 ||   707
       Constrict         |    13 |     8 |     3 |     4 ||    28
       Kick              |     7 |     6 |     1 |     4 ||    18
       Tentacles         |     4 |     3 |     3 |     5 ||    15
       Punch             |     1 |     2 |     2 |     5 ||    10
       Flail             |       |     2 |       |       ||     2
       Hunting sling     |       |       |       |     1 ||     1
 Fire: Hunting sling     |    32 |     8 |    97 |    78 ||   215
Throw: Dart              |       |       |       |    14 ||    14
 Cast: Beastly Appendage |    17 |     7 |     6 |     4 ||    34
       Spider Form       |     1 |    10 |    47 |    26 ||    84
       Ice Form          |       |       |       |    14 ||    14
  Use: Scroll            |       |       |       |     6 ||     6
       Potion            |       |       |       |     5 ||     5
 Stab: Sleeping          |     6 |       |     5 |     3 ||    14
       Distracted        |       |       |       |     4 ||     4
Armor: Skin              |     2 |     1 |    14 |    24 ||    41
Dodge: Dodged            |    23 |    69 |   255 |   235 ||   582
Block: Buckler           |       |       |       |     2 ||     2

Table legend: (Time is in decaauts)
 A = Elapsed time spent in this place.
 B = Non-inter-level travel time spent in this place.
 C = Inter-level travel time spent in this place.
 D = Time resting spent in this place.
 E = Time spent auto-exploring this place.
 F = Levels seen in this place.
 G = Mean time per level.
                   A        B        C        D        E       F      G
               +--------+--------+--------+--------+--------+-----+--------+
         Total |  14396 |  13406 |    990 |   3990 |   5288 |  12 | 1199.7 |
       Dungeon |  13281 |  12299 |    982 |   3703 |   5164 |   9 | 1475.7 |
        Temple |    176 |    168 |      8 |      0 |    124 |   1 |  176.0 |
          Lair |    404 |    404 |      0 |     92 |      0 |   1 |  404.0 |
       Ossuary |    533 |    533 |      0 |    195 |      0 |   1 |  533.0 |
               +--------+--------+--------+--------+--------+-----+--------+

Top non-repeatable levels by time:
     D:7: 1837 daAuts
     D:3: 1820 daAuts
     D:2: 1705 daAuts
     D:6: 1693 daAuts
     D:9: 1445 daAuts
     D:4: 1372 daAuts
     D:8: 1283 daAuts
     D:1: 1112 daAuts
     D:5: 1010 daAuts
 Ossuary: 533 daAuts
  Lair:1: 404 daAuts
  Temple: 176 daAuts
